 Dungeon Crawl Stone Soup version 0.25.1-2-g60ff931df9 (webtiles) character file.

Game seed: 4401375814922872218

147 Acheron the Firebug (level 5, -5/40 HPs)
             Began as a Hill Orc Fire Elementalist on Sept 9, 2020.
             Killed from afar by an orc wizard (8 damage)
             ... with a puff of flame
             ... on level 4 of the Dungeon.
             The game lasted 00:11:57 (2355 turns).

Acheron the Firebug (Hill Orc Fire Elementalist)    Turns: 2355, Time: 00:12:00

Health: -5/40      AC:  4    Str: 11    XL:     5   Next: 29%
Magic:  8/8        EV:  9    Int: 16    God:
Gold:   115        SH:  7    Dex: 11    Spells: 7/8 levels left

rFire    . . .     SeeInvis .   l - +1 dagger (drain)
rCold    . . .     Gourm    .   a - +0 kite shield (curse)
rNeg     . . .     Faith    .   e - +0 leather armour
rPois    .         Spirit   .   b - +1 hat
rElec    .         Reflect  .   (no cloak)
rCorr    .         Harm     .   (no gloves)
MR       .....                  (no boots)
Stlth    ++........             (no amulet)
HPRegen  0.13/turn              (no ring)
MPRegen  0.11/turn              (no ring)

@: lethally poisoned (-5 -> -8), berserk cooldown, slowed, very slow
A: no striking features
a: no special abilities


You were on level 4 of the Dungeon.
You were not hungry.

You visited 1 branch of the dungeon, and saw 4 of its levels.

You collected 115 gold pieces.

Inventory:

Hand Weapons
 l - a +1 dagger of draining (weapon)
 p - a +0 hand axe
Missiles
 f - 39 sling bullets
 h - 76 stones (quivered)
Armour
 a - a cursed +0 kite shield (worn)
 b - a +1 hat (worn)
 e - a +0 leather armour (worn)
Scrolls
 j - a scroll of teleportation
Potions
 g - 2 potions of might {unknown}
 k - 5 potions of stabbing
 m - a potion of resistance
 n - a potion of mutation
Comestibles
 c - 5 rations
 i - a chunk of flesh


   Skills:
 * Level 1.1 Fighting
 + Level 1.0 Short Blades
 * Level 1.2 Throwing
 + Level 1.3 Armour
 * Level 2.0 Dodging
 * Level 2.2 Stealth
 + Level 0.8 Shields
 * Level 2.1 Spellcasting
 * Level 1.8 Conjurations
 + Level 3.6 Fire Magic


You had 7 spell levels left.
You knew the following spells:

 Your Spells              Type           Power        Failure   Level  Hunger
a - Foxfire               Conj/Fire      ##..         50%         1    #......

Your spell library contained the following spells:

 Spells                   Type           Power        Failure   Level  Hunger
 Conjure Flame            Conj/Fire      ##......     86%         3    ###....
 Inner Flame              Hex/Fire       #.......     94%         3    ###....
 Sticky Flame             Conj/Fire      ##......     99%         4    #####..
 Fireball                 Conj/Fire      ##........   100%        5    ######.


Dungeon Overview and Level Annotations

Branches:
Dungeon (4/15)
 Temple: D:4-7

Altars:
Wu Jian


Message History

You kill the orc!
You feel sick. Something hits you but does no damage. Something hits you.
* * * LOW HITPOINT WARNING * * *
You feel sick. You block something's attack.
You see here an orc corpse.
You hear the slow rusting of a very distant drain.
You feel sick. Something hits you but does no damage.
Number of times to repeat, then command key: You must enter the number of times for the command to repeat.
You hit something but do no damage.
You feel sick. Something hits you.
* * * LOW HITPOINT WARNING * * *
You hit something. Something hits you.
* * * LOW HITPOINT WARNING * * *
You barely miss something.
* * * LOW HITPOINT WARNING * * *
You feel sick. Something hits you but does no damage.
You hear some strange, mumbled words.
A puff of flame appears from out of thin air!
The puff of flame hits you!
You die...

#########
#.........
#.........
..........
#.........
##########.........
....)...†..........
#######@{†.........
..#####.##.........
........#..########
#.....#.#######
#....$..#.....#
..#....Z.##..<..#
.........##.....#
##..(....##.....#
................#


You could see a hound skeleton.

Vanquished Creatures
  A howler monkey (D:4)
  An orc wizard (D:4)
  4 adders
  4 orcs
  2 giant cockroaches (D:2)
  4 goblins
  2 hobgoblins
  2 jackals (D:3)
  A quokka (D:2)
  7 bats
  4 frilled lizards (D:2)
  8 kobolds
  6 rats
46 creatures vanquished.

Vanquished Creatures (others)
  14 foxfires
14 creatures vanquished.

Grand Total: 60 creatures vanquished

Notes
Turn   | Place    | Note
-------+----------+-------------------------------------------
     0 | D:1      | Acheron the Hill Orc Fire Elementalist began the quest for
                  | the Orb.
     0 | D:1      | Reached XP level 1. HP: 14/14 MP: 3/3
     2 | D:1      | Noticed a halfling
     2 | D:1      | Noticed a tengu
     4 | D:1      | Noticed a gargoyle
     4 | D:1      | Noticed an ogre
     6 | D:1      | Noticed a merfolk
     8 | D:1      | Noticed a draconian
    10 | D:1      | Noticed a vampire
    10 | D:1      | Noticed a vine stalker
    12 | D:1      | Noticed a naga
    12 | D:1      | Noticed a minotaur
    14 | D:1      | Noticed a spriggan
    16 | D:1      | Noticed a formicid
    18 | D:1      | Noticed an elf
    18 | D:1      | Noticed a human
    20 | D:1      | Noticed a demonspawn
    20 | D:1      | Noticed a dwarf
    22 | D:1      | Noticed a troll
    22 | D:1      | Noticed a ghoul
    24 | D:1      | Noticed a demigod
    24 | D:1      | Noticed an octopode
    26 | D:1      | Noticed a felid
    26 | D:1      | Noticed a centaur
   463 | D:2      | Reached XP level 2. HP: 20/20 MP: 2/4
   905 | D:2      | Reached XP level 3. HP: 26/26 MP: 5/5
  1631 | D:2      | Noticed an ice beast
  1923 | D:3      | Found an ornate altar of the Wu Jian Council.
  2022 | D:3      | Reached XP level 4. HP: 19/34 MP: 7/7
  2305 | D:4      | Reached skill level 1 in Fighting
  2305 | D:4      | Reached skill level 1 in Throwing
  2305 | D:4      | Reached skill level 1 in Armour
  2339 | D:4      | Reached skill level 1 in Short Blades
  2339 | D:4      | Reached XP level 5. HP: 39/40 MP: 8/8
  2355 | D:4      | Killed from afar by an orc wizard

Illustrated notes

Levels and vault maps discovered:
D:1:      kb_arrival_jail, layout_basic
D:2:      layout_rooms, minmay_fractal_squares_5
D:3:      layout_basic, lemuel_round_altar, chequers_ecumenical_altar_island
D:4:      layout_rooms, minmay_temple_entry_mini_moons, portal_sewer_entry_e,
          serial_shops, shop, first_ration, nrook_loot_triangle

Skill      XL: |  1  2  3  4 |
---------------+-------------+-----
Spellcasting   | 2 |  2.1
Stealth        | 2 |  2.2
Fighting       | 1 |  1.1
Throwing       | 1 |  1.2
Armour         | 1 |  1.3
Short Blades   | 1 |  1.0
Dodging        | 2 |  2.0
Shields        | |  0.8
Conjurations   | |  1.8
Fire Magic     | |  3.6

Action                   |  1- 3 |  4- 6 || total
-------------------------+-------+-------++-------
Melee: Dagger            |   121 |    40 ||   161
 Cast: Foxfire           |     7 |       ||     7
  Use: Scroll            |     6 |     2 ||     8
       Potion            |       |     2 ||     2
 Stab: Sleeping          |       |     1 ||     1
  Eat: Chunk             |     4 |     1 ||     5
Armor: Leather armour    |    44 |    12 ||    56
Dodge: Dodged            |    67 |    14 ||    81
Block: Kite shield       |    36 |    17 ||    53
